 Dungeon Crawl Stone Soup version 0.17.2-1-ge4368a0 (webtiles) character file.

364 Amnesiac the Cutter (level 6, 22/30 HPs)
             Began as a Spriggan Assassin on Feb 4, 2018.
             Was an Initiate of Nemelex Xobeh.
             Quit the game on level 4 of the Dungeon.
             The game lasted 00:04:15 (1227 turns).

Amnesiac the Cutter (Spriggan Assassin)             Turns: 1227, Time: 00:04:15

Health: 22/30      AC:  3    Str:  7    XL:     6   Next: 39%
Magic:  7/7        EV: 17    Int: 13    God:    Nemelex Xobeh [......]
Gold:   70         SH:  0    Dex: 19    Spells: 0 memorised, 5 levels left

rFire  . . .     SeeInvis +     b - +1 blowgun
rCold  . . .     Clarity  .     c - +0 robe
rNeg   . . .     SustAt   .     (shield restricted)
rPois  .         Gourm    .     (helmet restricted)
rElec  .         Spirit   .     d - +0 cloak
rCorr  .         Warding  .     (gloves unavailable)
rMut   .         Stasis   .     (boots unavailable)
MR     +....                    (no amulet)
Stlth  ++++......               (no ring)
                                (no ring)

@: very quick, somewhat resistant to hostile enchantments, stealthy
A: unfitting armour, see invisible, herbivore 3, speed 3, slow metabolism 2
a: Renounce Religion


You were on level 4 of the Dungeon.
You worshipped Nemelex Xobeh.
Nemelex Xobeh was noncommittal.
You were not hungry.

You visited 1 branch of the dungeon, and saw 4 of its levels.

You collected 70 gold pieces.

Inventory:

Hand Weapons
 a - a +2 dagger
 b - a +1 blowgun (weapon)
 n - a +0 falchion of holy wrath
Missiles
 e - 5 poisoned needles (quivered)
 f - 2 curare-tipped needles
Armour
 c - a +0 robe (worn)
 d - a +0 cloak (worn)
Scrolls
 h - a scroll of enchant weapon {!r}
 i - 4 scrolls of identify {!r}
 k - a scroll of teleportation {!r}
Potions
 j - 2 potions of poison {!q, unknown}
 l - a potion of agility {!q}
Comestibles
 g - 2 bread rations


   Skills:
 - Level 1.5 Fighting
 - Level 7.5 Short Blades
 - Level 2.0 Throwing
 - Level 1.5 Dodging
 - Level 6.0 Stealth
 + Level 0.0 Evocations


You had 5 spell levels left.
You didn't know any spells.

Dungeon Overview and Level Annotations

Branches:
Dungeon (4/15)
 Temple: D:4-7

Altars:
Ashenzari
Elyvilon
Fedhas
Nemelex Xobeh
Vehumet

Annotations:
D:4 Grinder


Innate Abilities, Weirdness & Mutations

You are tiny and cannot use many weapons and most armour.
You have supernaturally acute eyesight.
You are a herbivore.
You cover ground extremely quickly.
You need consume almost no food.


Message History

Nemelex Xobeh welcomes you!
Unknown command.
There is a sparkling altar of Nemelex Xobeh here.
The scorpion completely misses you.
b - a +1 blowgun (weapon)
Firing (i - inventory. (,) - cycle):
e - 5 poisoned needles (quivered)
Press: ? - help, Shift-Dir - straight line, f - scorpion
Aim: a scorpion You shoot a poisoned needle.
The poisoned needle hits the scorpion!
The scorpion is poisoned.
The scorpion stings you!
Unknown command.
There is a shaft here.
The scorpion falls through a shaft!
The shaft crumbles and collapses.
There is a shaft here.
You see here a poisoned needle.
Sigmund is nearby!
e - 5 poisoned needles (gained 1) Sigmund shouts!
Quiver which item? (- for none, * to show all) (? for menu, Esc to quit)
Quivering
f - 2 curare-tipped needles for blowguns.
Firing (i - inventory. (,) - cycle):
f - 2 curare-tipped needles (quivered)
Press: ? - help, Shift-Dir - straight line, f - Sigmund
Aim: Sigmund, wielding a scythe and wearing a robe You shoot a curare-tipped needle.
The curare-tipped needle hits Sigmund.
Sigmund is poisoned.
Sigmund convulses.
Sigmund seems to slow down.
Sigmund is lightly wounded.
Quiver which item? (- for none, * to show all) (? for menu, Esc to quit)
Quivering
e - 5 poisoned needles for blowguns.
Firing (i - inventory. (,) - cycle):
e - 5 poisoned needles (quivered)
Press: ? - help, Shift-Dir - straight line, f/p - Sigmund
Aim: Sigmund, wielding a scythe and wearing a robe (heavily wounded, slow, poisoned)
You shoot a poisoned needle. The poisoned needle hits Sigmund!
Sigmund looks even sicker.
Sigmund is heavily wounded.
Unknown command.
There is an open door here.
Your Short Blades skill increases to level 7!
You have reached level 6!
Your experience leads to an increase in your attributes!
Increase (S)trength, (I)ntelligence, or (D)exterity?
You feel agile.
You feel a bit more experienced.
There is an open door here.
f - 2 curare-tipped needles (gained 1)
e - 5 poisoned needles (gained 1)
j - 2 viscous orange potions {!q} (gained 1)
Things that are here:
a scythe; a robe; the human corpse of Sigmund You offer a prayer to Nemelex Xobeh.
Nemelex Xobeh is noncommittal.
Unknown command.
Unknown command.
There is an open door here.
i - 4 scrolls of identify {!r} (gained 1)
k - a scroll of teleportation {!r} Quiver which item? (- for none, * to show all) (? for menu, Esc to quit)
You don't have any such object.
Quiver which item? (- for none, * to show all) (? for menu, Esc to quit)
You don't have any such object.
Quiver which item? (- for none, * to show all) (? for menu, Esc to quit)
Okay, then.
Quiver which item? (- for none, * to show all) (? for menu, Esc to quit)
Okay, then.
Are you sure you want to abandon this character and quit the game? (Confirm with "yes".)

#.##.'#.#.#'.##.....#
#....
#..###..#..###..#...#
#....
#.....###.....##...#
#....
####.........###...#
#.... ##...).#.##
##### ##.. #.#...#.#
#. #.#...#.#
#.#...#.# #.....#@#
##....#.# #....#.#
##...#.# #..##.# ##
##.##.# ### .# #.#
... .# #.# ... .# ...


There were no monsters in sight!

Vanquished Creatures
  Sigmund (D:4)
  Eustachio (D:4)
  An orc wizard (D:3)
  2 adders (D:4)
  A worm (D:2)
  An orc (D:3)
  A giant cockroach (D:1)
  A goblin (D:2)
  2 hobgoblins
  4 kobolds (D:1)
  A quokka (D:2)
  A bat (D:2)
  2 giant newts
  3 rats
22 creatures vanquished.

Notes
Turn   | Place    | Note
--------------------------------------------------------------
     0 | D:1      | Amnesiac the Spriggan Assassin began the quest for the Orb.
     0 | D:1      | Reached XP level 1. HP: 10/10 MP: 2/2
    36 | D:1      | Reached skill level 6 in Stealth
   218 | D:1      | Reached XP level 2. HP: 14/14 MP: 3/3
   491 | D:2      | Found a white marble altar of Elyvilon.
   684 | D:3      | Reached XP level 3. HP: 6/18 MP: 4/4
   904 | D:4      | Noticed Eustachio
   945 | D:4      | Killed Eustachio
   945 | D:4      | Reached XP level 4. HP: 22/22 MP: 5/5
   945 | D:4      | Reached XP level 5. HP: 25/25 MP: 6/6
   989 | D:4      | Found a radiant altar of Vehumet.
  1012 | D:4      | Noticed Grinder
  1126 | D:4      | Found a blossoming altar of Fedhas.
  1127 | D:4      | Found a shattered altar of Ashenzari.
  1147 | D:4      | Noticed a scorpion
  1152 | D:4      | Noticed Sigmund
  1155 | D:4      | Found a sparkling altar of Nemelex Xobeh.
  1160 | D:4      | Became a worshipper of Nemelex Xobeh the Trickster
  1194 | D:4      | Killed Sigmund
  1194 | D:4      | Reached skill level 7 in Short Blades
  1194 | D:4      | Reached XP level 6. HP: 20/30 MP: 7/7
  1227 | D:4      | Quit the game

Action                   |  1- 3 |  4- 6 || total
-------------------------+-------+-------++-------
Melee: Dagger            |    31 |    10 ||    41
 Fire: Blowgun           |    17 |     3 ||    20
  Use: Scroll            |       |     4 ||     4
 Stab: Sleeping          |     9 |     2 ||    11
       Distracted        |     1 |       ||     1
